 Dungeon Crawl Stone Soup version 0.22.0 (webtiles) character file.

218 EvilAliv3 the Vexing (level 5, 0/30 HPs)
             Began as a Deep Elf Arcane Marksman on Aug 22, 2018.
             Splashed by a jelly's acid (2 damage)
             ... on level 5 of the Dungeon.
             The game lasted 00:34:14 (5293 turns).

EvilAliv3 the Vexing (Deep Elf Arcane Marksman)     Turns: 5293, Time: 00:34:15

Health: 0/30       AC:  8    Str:  7    XL:     5   Next: 63%
Magic:  9/11       EV: 13    Int: 24    God:
Gold:   174        SH:  0    Dex: 16    Spells: 6/10 levels left

rFire    . . .     SeeInvis .   b - +0 short sword (protect)
rCold    . . .     Gourm    .   (no shield)
rNeg     . . .     Faith    .   r - +0 leather armour
rPois    .         Spirit   .   (no helmet)
rElec    .         Reflect  .   A - +0 cloak
rCorr    .         Harm     .   (no gloves)
MR       .....                  c - +0 pair of boots
Stlth    +.........             (no amulet)
HPRegen  0.10/turn              t - +6 ring of intelligence
MPRegen  0.12/turn              (no ring)

@: corroded, protection aura
A: no striking features
a: no special abilities


You were on level 5 of the Dungeon.
You were very hungry.

You visited 1 branch of the dungeon, and saw 5 of its levels.

You collected 174 gold pieces.

Inventory:

Hand Weapons
 a - a +1 shortbow
 b - a +0 short sword of protection (weapon)
 g - a +5 trident
Missiles
 d - 32 arrows
Armour
 c - a +0 pair of boots (worn)
 r - a +0 leather armour (worn)
 u - a +0 scale mail
 A - a +0 cloak (worn)
Jewellery
 t - a +6 ring of intelligence (left hand)
Scrolls
 k - a scroll of amnesia
 m - a scroll of fog {unknown}
 n - 2 scrolls of teleportation
 o - a scroll of enchant weapon
 p - a scroll of enchant armour {unknown}
 q - a scroll of blinking {unknown}
 x - a scroll of fear {unknown}
 y - a scroll of remove curse
Potions
 e - a potion of haste
 i - a potion of flight
 j - 3 potions of curing
 s - a potion of resistance
 v - a potion of heal wounds {unknown}
 z - a potion of mutation
Comestibles
 f - 5 rations


   Skills:
 + Level 1.9 Fighting
 * Level 4.1 Bows
 + Level 3.7 Dodging
 + Level 3.1 Spellcasting
 + Level 5.0 Hexes


You had 6 spell levels left.
You knew the following spells:

 Your Spells              Type           Power        Failure   Level  Hunger
a - Corona                Hex            ####...      1%          1    None
b - Portal Projectile     Hex/Tloc       ###...       17%         3    ###....

Your spell library contained the following spells:

 Spells                   Type           Power        Failure   Level  Hunger
 Cause Fear               Hex            ####......   21%         4    ####...
 Slow                     Hex            ####....     3%          2    ##.....
 Leda's Liquefaction      Hex/Erth       ###.......   50%         4    ####...
 Inner Flame              Hex/Fire       ###.....     17%         3    ###....


Dungeon Overview and Level Annotations

Branches:
Dungeon (5/15)
 Temple: D:4-7

Altars:
Elyvilon
Nemelex Xobeh
Ru
Trog
Zin
The Shining One

Portals:
Ossuary: D:5


Message History

Your +0 short sword of protection hums with potential!
b - a +0 short sword of protection (weapon)
Casting: Corona (safe; 1% risk of failure)
Confirm with . or Enter, or press ? or * to list all spells.
Aiming: Corona (safe; 1% risk of failure)
Press: ? - help, Shift-Dir - straight line, f/p - jelly
Aim: a jelly (lightly wounded, chance to defeat MR: 76%)
The jelly barely resists.
The jelly hits you but does no damage.
Casting: Corona (safe; 1% risk of failure)
Confirm with . or Enter, or press ? or * to list all spells.
Aiming: Corona (safe; 1% risk of failure)
Press: ? - help, Shift-Dir - straight line, f/p - jelly
Aim: a jelly (lightly wounded, chance to defeat MR: 76%)
The jelly is outlined in light.
The jelly hits you. The acid corrodes you!
You are splashed with acid!
The acid burns!
* * * LOW HITPOINT WARNING * * *
You hit the jelly but do no damage.
Your weapon exudes an aura of protection.
Your hands burn!
You die...

*,......,#.**#.,,*
**#..#.#,..,#.#***
#.[#.#*.##.#****
#..#.#*....,,,,,
#..#.#*..#,*****
#..#$##..#,#
#........#.#
####..#.#...#.#
#.@†..8.......##***
#J##.....(>..!...,,
#.##8.∩(8........,,
#.##........#####**
#.##..8.....#
#.##.......##
#.#......#.#
#.#(.##.##.#
#....#####.#*#####*


You could see a jelly.

Vanquished Creatures
  An orc wizard (D:4)
  Jessica (D:2)
  A worker ant (D:4)
  7 adders
  An ooze (D:3)
  2 dart slugs (D:1)
  7 orcs
  2 ball pythons (D:1)
  3 giant cockroaches
  3 goblins
  10 hobgoblins
  5 jackals
  7 bats
  4 frilled lizards
  6 kobolds
  A rat (D:3)
61 creatures vanquished.

Notes
Turn   | Place    | Note
-------+----------+-------------------------------------------
     0 | D:1      | EvilAliv3 the Deep Elf Arcane Marksman began the quest for the Orb.
     0 | D:1      | Reached XP level 1. HP: 11/11 MP: 5/5
   145 | D:1      | Reached XP level 2. HP: 16/16 MP: 4/6
   258 | D:1      | Reached skill level 1 in Fighting
  1204 | D:2      | Reached XP level 3. HP: 15/20 MP: 6/8
  1584 | D:2      | Noticed Jessica
  1600 | D:2      | Killed Jessica
  1600 | D:2      | Reached XP level 4. HP: 15/25 MP: 9/9
  2249 | D:2      | Learned a level 3 spell: Portal Projectile
  3589 | D:3      | Found a sparkling altar of Nemelex Xobeh.
  3613 | D:3      | Reached XP level 5. HP: 26/29 MP: 9/11
  4098 | D:4      | Found a bloodstained altar of Trog.
  4211 | D:4      | Noticed an ogre
  4367 | D:4      | Reached skill level 5 in Hexes
  4710 | D:4      | Found a white marble altar of Elyvilon.
  4710 | D:4      | Found a glowing golden altar of the Shining One.
  4710 | D:4      | Found a glowing silver altar of Zin.
  4833 | D:4      | Noticed an ogre
  5135 | D:5      | Entered Level 5 of the Dungeon
  5155 | D:5      | Found a sacrificial altar of Ru.
  5170 | D:5      | Found a sand-covered staircase.
  5293 | D:5      | Splashed by a jelly's acid

Skill      XL: |  1  2  3  4  5 |
---------------+----------------+-----
Fighting       | 1 |  1.9
Spellcasting   | 2 3 |  3.1
Dodging        | 3 |  3.7
Bows           | 3 4 |  4.1
Hexes          | 5 |  5.0

Action                   |  1- 3 |  4- 6 || total
-------------------------+-------+-------++-------
Melee: Short sword       |    24 |   163 ||   187
 Fire: Shortbow          |    79 |    95 ||   174
 Cast: Corona            |    17 |    41 ||    58
       Portal Projectile |       |     1 ||     1
  Use: Potion            |       |     2 ||     2
       Scroll            |       |    11 ||    11
  Eat: Chunk             |     2 |     4 ||     6
       Ration            |       |     2 ||     2
Armor: Robe              |     8 |    30 ||    38
       Leather armour    |       |    11 ||    11
Dodge: Dodged            |    31 |   190 ||   221
